 Dungeon Crawl Stone Soup version 0.20-a0-1127-g1289703 (webtiles) character file.

977 AlphabetPasta the Magician (level 8, -4/52 HPs)
             Began as a Human Wizard on May 20, 2017.
             Was a Follower of Sif Muna.
             Slain by a worker ant (7 damage)
             ... on level 5 of the Dungeon.
             The game lasted 00:27:57 (6792 turns).

AlphabetPasta the Magician (Human Wizard)           Turns: 6792, Time: 00:27:57

Health: -4/52      AC:  4    Str:  9    XL:     8   Next: 39%
Magic:  0/17       EV: 18    Int: 20    God:    Sif Muna [*.....]
Gold:   56         SH:  0    Dex: 16    Spells: 0/19 levels left

rFire    . . .     SeeInvis .   g - +1 quarterstaff
rCold    . . .     Gourm    .   (shield currently unavailable)
rNeg     . . .     Faith    .   a - +0 robe
rPois    .         Spirit   .   b - +1 hat
rElec    .         Reflect  .   (no cloak)
rCorr    .         Harm     .   (no gloves)
MR       .....                  h - +0 pair of boots
Stlth    +++.......             (no amulet)
Regen    0.2/turn               (no ring)
MPRegen  0.2/turn               (no ring)

@: agile
A: no striking features
a: Divine Energy, Renounce Religion


You were on level 5 of the Dungeon.
You worshipped Sif Muna.
Sif Muna was aware of your devotion.
You were very hungry.

You visited 2 branches of the dungeon, and saw 7 of its levels.

You collected 108 gold pieces.
You spent 52 gold pieces at shops.

Inventory:

Hand Weapons
 g - a +1 quarterstaff (weapon)
Armour
 a - a +0 robe (worn)
 b - a +1 hat (worn)
 h - a +0 pair of boots (worn)
Jewellery
 m - an uncursed amulet of regeneration {unknown}
Scrolls
 e - a scroll of enchant armour
 f - 4 scrolls of remove curse
Potions
 i - 3 potions of curing
 k - 2 potions of agility
 l - a potion of haste {unknown}
 n - a potion of flight {unknown}
Books
 c - a book of Minor Magic

   Spells                             Type                      Level
   a - Magic Dart                     Conjuration                  1
   b - Blink                          Translocation                2
   c - Call Imp                       Summoning                    2
   d - Slow                           Hexes                        2
   e - Conjure Flame                  Conjuration/Fire             3
   f - Mephitic Cloud                 Conjuration/Poison/Air       3
 r - a book of Misfortune

   Spells                             Type                      Level
   a - Confusing Touch                Hexes                        1
   b - Confuse                        Hexes                        3
   c - Gell's Gravitas                Translocation                3
   d - Petrify                        Transmutation/Earth          4
   e - Metabolic Englaciation         Hexes/Ice                    5
   f - Yara's Violent Unravelling     Hexes/Transmutation          5
Comestibles
 d - 3 bread rations
 p - 7 fruits
 q - 2 meat rations


   Skills:
 - Level 2.0 Dodging
 - Level 2.0 Stealth
 * Level 6.3 Spellcasting
 + Level 4.4 Conjurations
 - Level 1.0 Summonings
 - Level 1.0 Translocations
 - Level 2.0 Fire Magic
 + Level 1.2 Ice Magic
 - Level 2.0 Air Magic
 + Level 2.4 Poison Magic
 + Level 2.1 Invocations


You couldn't memorise any spells.
You knew the following spells:

 Your Spells              Type           Power        Failure   Level  Hunger
a - Magic Dart            Conj           ###.         1%          1    None
b - Blink                 Tloc           N/A          10%         2    None
c - Call Imp              Summ           ##......     10%         2    None
d - Conjure Flame         Conj/Fire      ###.....     9%          3    ##.....
e - Mephitic Cloud        Conj/Pois/Air  ###.....     9%          3    ##.....
f - Confuse               Hex            #.......     30%         3    ##.....
g - Metabolic Englaciati  Hex/Ice        #.........   91%         5    #####..


Dungeon Overview and Level Annotations

Branches:
Dungeon (6/15)             Temple (1/1) D:4

Altars:
Ashenzari
Cheibriados
Dithmenos
Elyvilon
Fedhas
Gozag
Hepliaklqana
Kikubaaqudgha
Makhleb
Nemelex Xobeh
Okawaru
Qazlal
Ru
Sif Muna
Trog
Uskayaw
Vehumet
Yredelemnul
Zin
Jiyva

Shops:
D:5 (   D:6 ?


Message History

Aiming: Magic Dart
Press: ? - help, Shift-Dir - straight line, f/p - worker ant
Aim: a worker ant (heavily wounded)
The magic dart hits the worker ant.
The worker ant is severely wounded.
The worker ant closely misses you. The worker ant bites you.
* * * LOW HITPOINT WARNING * * *
You are poisoned.
The worker ant poisons you!
You barely miss the worker ant.
The worker ant is severely wounded.
You feel sick. The worker ant bites you.
* * * LOW HITPOINT WARNING * * *
You feel better. The worker ant bites you!
* * * LOW HITPOINT WARNING * * *
You feel agile all of a sudden. The worker ant bites you.
* * * LOW HITPOINT WARNING * * *
The worker ant bites you!
You die...

##..############
###########..######.....#
#.................#.###.#
##.##########..###.#.# #.#
.....#.............#.# #.#
.#.#.#.#######..####># #<#
.#.#.#.#.............# #.#
.#.#...#.######a########.#####
.#.#####.# #.@............#
.#.# #.# ##.........###.# [#.#
#.# #...######## #.#
.#.#####.# #.(.# #.#
.#.......# #...### #.####
.######### #.....# #..... .#
#####.############. ##
#..............
###############


You could see a worker ant.

Vanquished Creatures
  Sigmund (D:3)
  A black bear (D:6)
  An ogre (D:5)
  A centaur (D:5)
  A scorpion (D:5)
  A howler monkey (D:5)
  2 jellies (D:6)
  An orc wizard (D:6)
  An orc priest (D:4)
  Jessica (D:2)
  An iguana (D:4)
  3 worker ants (D:4)
  7 gnolls
  6 adders
  A shadow imp (D:6)
  An ooze (D:3)
  2 worms
  4 leopard geckos
  12 orcs
  6 bats
  A giant cockroach (D:2)
  8 goblins
  6 hobgoblins
  6 jackals
  9 kobolds
  2 quokkas
  8 frilled lizards
  A jackal skeleton (D:5)
  A leopard gecko skeleton (D:4)
  10 rats
106 creatures vanquished.

Notes
Turn   | Place    | Note
-------+----------+-------------------------------------------
     0 | D:1      | AlphabetPasta the Human Wizard began the quest for the Orb.
     0 | D:1      | Reached XP level 1. HP: 13/13 MP: 4/4
   182 | D:1      | Reached XP level 2. HP: 19/19 MP: 3/6
   187 | D:1      | Learned a level 2 spell: Blink
   190 | D:1      | Learned a level 2 spell: Call Imp
  1363 | D:2      | Reached XP level 3. HP: 24/24 MP: 1/8
  1378 | D:2      | Learned a level 3 spell: Conjure Flame
  1491 | D:2      | Found a basalt altar of Yredelemnul.
  1492 | D:2      | Found a hazy altar of Hepliaklqana.
  1494 | D:2      | Found a bloodstained altar of Trog.
  1494 | D:2      | Found a sacrificial altar of Ru.
  1502 | D:2      | Found a burning altar of Makhleb.
  1502 | D:2      | Found an iron altar of Okawaru.
  1503 | D:2      | Found a shattered altar of Ashenzari.
  1729 | D:2      | Reached XP level 4. HP: 30/30 MP: 1/9
  1851 | D:2      | Reached skill level 4 in Spellcasting
  1982 | D:2      | Noticed Jessica
  1988 | D:2      | Killed Jessica
  1988 | D:2      | Reached skill level 1 in Fire Magic
  2306 | D:2      | Found a snail-covered altar of Cheibriados.
  2429 | D:3      | Reached XP level 5. HP: 35/35 MP: 6/11
  2434 | D:3      | Learned a level 3 spell: Mephitic Cloud
  3460 | D:3      | Noticed Sigmund
  3477 | D:3      | Killed Sigmund
  3477 | D:3      | Reached skill level 5 in Spellcasting
  3477 | D:3      | Reached skill level 1 in Air Magic
  3477 | D:3      | Reached XP level 6. HP: 41/41 MP: 0/13
  4259 | D:4      | Reached XP level 7. HP: 36/46 MP: 5/15
  4614 | D:4      | Learned a level 3 spell: Confuse
  4889 | D:4      | Found a staircase to the Ecumenical Temple.
  4895 | Temple   | Entered the Ecumenical Temple
  4941 | Temple   | Became a worshipper of Sif Muna the Loreminder
  5305 | D:5      | Entered Level 5 of the Dungeon
  5340 | D:5      | Found Ynishy's Weapon Boutique.
  5346 | D:5      | Bought a +0 quarterstaff for 52 gold pieces
  5443 | D:5      | Reached skill level 1 in Poison Magic
  5536 | D:5      | Reached skill level 1 in Invocations
  5878 | D:5      | Reached XP level 8. HP: 49/52 MP: 10/16
  6062 | D:4      | Reached skill level 6 in Spellcasting
  6088 | D:4      | Learned a level 5 spell: Metabolic Englaciation
  6601 | D:6      | Reached * piety under Sif Muna
  6706 | D:6      | Reached skill level 1 in Ice Magic
  6753 | D:6      | Found Metojo Ewoph's Magic Scroll Shoppe.
  6792 | D:5      | Slain by a worker ant

Vault maps used:
D:1:      lemuel_arrival_cross, serial_co_window_serial, co_window_paths_b,
          co_window_paths_a, co_window_corner_a, co_window_of_opportunity_a,
          co_window_corner_a, co_window_of_opportunity_b, co_window_cross_2,
          co_window_paths_c, co_window_broadway_b, co_window_broadway_b,
          co_window_paths_c, co_window_4corner_b, glass_columns_b
D:2:      kennysheep_six_static_rooms, cheibriados_altar_1,
          grunt_temple_overflow_open, uniq_jessica
D:3:      grunt_decor_mini_mirrors, kennysheep_generic_room_6, uniq_sigmund
D:4:      temple_green
D:5:      serial_shops, shop, first_bread
D:6:      serial_shops, shop
Temple:   pf_slimified_temple

Skill      XL: |  1  2  3  4  5  6  7  8 |
---------------+-------------------------+-----
Conjurations   | 2 3 4 |  4.4
Spellcasting   | 4 5 6 |  6.3
Fire Magic     | 1 2 |  2.0
Air Magic      | 1 2 |  2.0
Poison Magic   | 1 2 |  2.4
Invocations    | 1 2 |  2.1
Ice Magic      | 1 |  1.2
Dodging        | |  2.0
Stealth        | |  2.0
Summonings     | |  1.0
Translocations | |  1.0

Action                   |  1- 3 |  4- 6 |  7- 9 || total
-------------------------+-------+-------+-------++-------
Melee: Mace              |    32 |     9 |     3 ||    44
       Quarterstaff      |       |       |     4 ||     4
 Cast: Magic Dart        |    59 |   156 |   151 ||   366
       Mephitic Cloud    |       |     1 |     1 ||     2
       Conjure Flame     |       |     1 |     3 ||     4
       Confuse           |       |       |     1 ||     1
  Use: Scroll            |     5 |     3 |     7 ||    15
       Potion            |       |     1 |     3 ||     4
  Eat: Chunk             |     2 |     8 |     5 ||    15
       Royal jelly       |       |       |     1 ||     1
Armor: Robe              |     9 |    11 |     8 ||    28
Dodge: Dodged            |    33 |    23 |    40 ||    96
